 Dungeon Crawl Stone Soup version 0.22-b1-59-g0aedee734a (webtiles) character file.

55 IceCat the Skirmisher (level 3, 0/31 HPs)
             Began as a Centaur Fighter on Aug 10, 2018.
             Slain by a worm (9 damage)
             ... on level 2 of the Dungeon.
             The game lasted 00:02:51 (724 turns).

IceCat the Skirmisher (Centaur Fighter)              Turns: 724, Time: 00:02:52

Health: 0/31       AC:  6    Str: 19    XL:     3   Next: 67%
Magic:  3/3        EV:  5    Int:  7    God:
Gold:   90         SH:  8    Dex:  8    Spells: 2/2 levels left

rFire    . . .     SeeInvis .   a - +0 war axe
rCold    . . .     Gourm    .   c - +0 shield
rNeg     . . .     Faith    .   b - +0 scale mail
rPois    .         Spirit   .   (no helmet)
rElec    .         Reflect  .   (no cloak)
rCorr    .         Harm     .   (no gloves)
MR       .....                  (no barding)
Stlth    ..........             l - amulet of magic regeneration
HPRegen  0.10/turn              (no ring)
MPRegen  0.33/turn              (no ring)

@: lethally poisoned (0 -> -5), very quick
A: large, hooves 3, deformed body, speed 2, tough skin 3
a: no special abilities


You were on level 2 of the Dungeon.
You were not hungry.

You visited 1 branch of the dungeon, and saw 2 of its levels.

You collected 90 gold pieces.

Inventory:

Hand Weapons
 a - a +0 war axe (weapon)
Missiles
 p - 17 arrows
Armour
 b - a +0 scale mail (worn)
 c - a +0 shield (worn)
Jewellery
 l - an amulet of magic regeneration (around neck)
Scrolls
 e - 3 scrolls of identify {unknown}
 g - 2 scrolls of fear {unknown}
 k - a scroll of teleportation {unknown}
 m - a scroll of fog {unknown}
 n - a scroll of magic mapping {unknown}
Potions
 d - a potion of might
 h - a potion of brilliance {unknown}
 i - a potion of curing {unknown}
 j - a potion of berserk rage {unknown}
 o - 2 potions of flight {unknown}
Comestibles
 f - 4 rations


   Skills:
 - Level 3.2 Fighting
 + Level 3.2 Axes
 - Level 2.3 Armour
 - Level 2.3 Shields


You had 2 spell levels left.
You didn't know any spells.
Your spell library was empty.

Dungeon Overview and Level Annotations

Branches:
Dungeon (2/15)

Altars:


Innate Abilities, Weirdness & Mutations

You have hooves in place of feet.
Armour fits poorly on your strangely shaped body.
You cover ground very quickly.
You have extremely tough skin. (AC +3)


Message History

You barely miss the adder.
Your shield prevents you from hitting the worm.
The adder bites you but does no damage. The worm bites you!
The adder bites you but does no damage.
You barely miss the adder. You hit the worm.
The adder bites you but does no damage. You block the worm's attack.
You miss the adder. You hit the worm.
The adder bites you but does no damage. x2
You block the worm's attack.
You hit the adder. Your kick misses the adder.
The adder is moderately wounded.
Your shield and scale mail prevent you from hitting the worm.
You block the adder's attack. The adder bites you.
You are poisoned.
The adder poisons you! The worm bites you!
You hit the adder. Your kick misses the adder.
The adder is heavily wounded.
You hit the worm but do no damage.
You feel sick. The adder completely misses you. The adder barely misses you.
The worm bites you!
You die...

......######### #.. ..
..........#...####. ...
...............###. ....
...............##. ....#
#..............##.
......#.##..............
......#.# #.............
......S.###....#...##.#.
......w@.##.#..######.##
....##......##.# ###....
... #.......##.###...##.
# #...###...<#.....#....
S...# ?.........##....
##.# .................
#. #................. #
###....#..........
#...##.......#..


You could see a worm and an adder.

Vanquished Creatures
  An adder (D:2)
  An ooze (D:1)
  3 dart slugs (D:1)
  A leopard gecko (D:1)
  4 giant cockroaches
  5 goblins
  4 hobgoblins
  2 jackals (D:2)
  3 bats
  3 frilled lizards
  2 kobolds (D:1)
  4 rats
33 creatures vanquished.

Notes
Turn   | Place    | Note
-------+----------+-------------------------------------------
     0 | D:1      | IceCat the Centaur Fighter began the quest for the Orb.
     0 | D:1      | Reached XP level 1. HP: 19/19 MP: 1/1
    68 | D:1      | Reached XP level 2. HP: 24/26 MP: 2/2
   355 | D:1      | Reached XP level 3. HP: 31/31 MP: 3/3
   724 | D:2      | Slain by a worm

Skill      XL: |  1  2  3 |
---------------+----------+-----
Axes           | 2 3 |  3.2
Fighting       | |  3.2
Armour         | |  2.3
Shields        | |  2.3

Action                   || total
-------------------------++-------
Melee: War axe           ||    99
       Kick              ||    13
Armor: Scale mail        ||    63
Dodge: Dodged            ||    34
Block: Shield            ||    60
